 Dungeon Crawl Stone Soup version 0.18.1-8-gdd0e5ea (webtiles) character file.

3878 Kzard the Warrior (level 10, -2/160 HPs)
             Began as a Minotaur Berserker on June 1, 2016.
             Was an Elder of Trog.
             Slain by a spriggan
             ... wielding a +4 rapier
              (12 damage)
             ... on level 7 of the Dungeon.
             The game lasted 01:10:44 (10708 turns).

Kzard the Warrior (Minotaur Berserker)             Turns: 10708, Time: 01:10:45

Health: -2/160     AC:  8    Str: 30    XL:     10   Next: 0%
Magic:  9/9        EV:  5    Int:  7    God:    Trog [****..]
Gold:   167        SH: 13    Dex:  9    Spells: 0 memorised, 9 levels left

rFire  . . .     SeeInvis .     s - +2 flail {IHEARGHOSTS}
rCold  + . .     Gourm    .     A - +1 scale mail
rNeg   . . .     Faith    .     v - +0 large shield
rPois  .         Spirit   .     (helmet restricted)
rElec  .         Dismiss  .     (no cloak)
rCorr  .         Reflect  .     (no gloves)
SustAt .         Harm     .     B - +0 pair of boots of Dampe {Str+2}
MR     .....                    (no amulet)
Stlth  ..........               y - +1 ring of slaying
                                m - ring of protection from cold

@: berserking (expiring), drained, very quick, not resistant to hostile
enchantments, extremely unstealthy
A: retaliatory headbutt, horns 2
a: Berserk, Trog's Hand, Brothers in Arms, Burn Spellbooks, Renounce Religion


You were on level 7 of the Dungeon.
You worshipped Trog.
Trog was greatly pleased with you.
You were not hungry.

You visited 2 branches of the dungeon, and saw 8 of its levels.

You collected 272 gold pieces.
You spent 105 gold pieces at shops.

Inventory:

Hand Weapons
 a - a +0 hand axe
 s - a +2 flail (weapon) {IHEARGHOSTS}
 D - a +3 whip of electrocution
 K - a +0 shortbow
Missiles
 o - 265 stones
 p - 3 javelins (quivered)
 w - 10 tomahawks
 L - 43 arrows
Armour
 v - a +0 large shield (worn)
 A - a +1 scale mail (worn)
 B - the +0 pair of boots of Dampe (worn) {Str+2}
   (You found it on level 6 of the Dungeon)

   It affects your strength (+2).
Jewellery
 k - an uncursed ring of ice
 m - a ring of protection from cold (left hand)
 y - a +1 ring of slaying (right hand)
Wands
 z - a wand of slowing (18/48)
 C - a wand of enslavement (4/24)
 F - a wand of digging (7/24)
 I - a wand of disintegration (9/24)
Scrolls
 d - 4 scrolls of remove curse
 g - a scroll of magic mapping
 h - 2 scrolls of immolation
 l - 2 scrolls of enchant weapon
 r - 2 scrolls of identify
 t - 2 scrolls of teleportation
 O - a scroll of enchant armour
Potions
 b - a potion of cancellation {unknown}
 e - 2 potions of cure mutation {unknown}
 f - a potion of invisibility {unknown}
 j - 2 potions of haste
 q - a potion of brilliance {unknown}
 u - a potion of beneficial mutation {unknown}
 E - a potion of mutation {unknown}
 H - a potion of resistance {unknown}
 J - a potion of might {unknown}
 N - a potion of agility
 P - a potion of lignification {unknown}
Books
 M - a book of Power

   Spells                             Type                      Level
   a - Fulminant Prism                Conjuration/Hexes            4
   b - Iskenderun's Mystic Blast      Conjuration                  4
   c - Venom Bolt                     Conjuration/Poison           5
   d - Bolt of Magma                  Conjuration/Fire/Earth       5
   e - Iron Shot                      Conjuration/Earth            6
   f - Orb of Destruction             Conjuration                  7
   g - Spellforged Servitor           Conjuration/Summoning        7
   Trog disapproves of the use of such an item.
Comestibles
 c - 3 bread rations
 i - 2 beef jerkies
 x - 3 fruits
 G - 3 meat rations


   Skills:
 + Level 16.1(14.8) Fighting
 - Level 4.2(3.2) Axes
 - Level 2.8(1.9) Armour
 - Level 2.4(1.5) Dodging


You had 9 spell levels left.
You didn't know any spells.

Dungeon Overview and Level Annotations

Branches:
Dungeon (7/15)             Temple (1/1) D:4

Altars:
Ashenzari
Dithmenos
Elyvilon
Fedhas
Gozag
Makhleb
Pakellas
Qazlal
Ru
Sif Muna
Vehumet
Xom
The Shining One

Shops:
D:4 ?   D:7 :


Innate Abilities, Weirdness & Mutations

You reflexively headbutt those who attack you in melee.
You have a pair of horns on your head.


Message History

You start resting.
You feel sick. x15
You are no longer poisoned.
You start resting.
A spriggan comes into view. It is wielding an enchanted rapier.
A spriggan is nearby!
A red film seems to cover your vision as you go berserk!
You feel yourself moving faster!
You feel mighty!
You feel quite a bit more hungry.
The spriggan shouts!
The spriggan throws a stone.
The stone barely misses you.
You feel a strong urge to attack something.
Items here: ) [ †† a spear of venom; a robe; a killer bee corpse x2
You miss the spriggan. Your headbutt misses the spriggan.
The spriggan hits you with an enchanted rapier!
* * * LOW HITPOINT WARNING * * *
You sock the spriggan! Your headbutt misses the spriggan.
The spriggan is heavily wounded.
The spriggan hits you with an enchanted rapier!
You die...

. ...
.....###################
...(..i@)(...(..........
########################
♣♣ ♣♣.. ♣♣♣♣♣..♣ ......
♣...♣


You could see a spriggan.

Vanquished Creatures
  Grinder (D:5)
  Sigmund (D:2)
  5 spriggans (D:7)
  The ghost of Shtopit the Skirmisher, an amateur CeFi (D:5)
  An orc warrior (D:7)
  3 ice beasts
  2 sky beasts (D:7)
  2 black bears
  3 ogres
  A centaur (D:6)
  2 giant frogs
  2 scorpions (D:4)
  4 killer bees (D:7)
  2 wights (D:7)
  3 crimson imps (D:6)
  2 giant frog zombies
  A quasit (D:3)
  A gnoll shaman (D:5)
  2 orc priests (D:7)
  Ijyb (D:2)
  A hound (D:7)
  4 orc wizards
  6 worker ants
  4 iguanas
  Terence (D:2)
  10 adders
  7 gnolls
  4 shadow imps
  An adder skeleton (D:4)
  3 worms
  A dart slug (D:4)
  6 giant geckos
  21 orcs
  2 ball pythons
  7 giant cockroaches
  7 goblins
  7 hobgoblins
  6 jackals
  6 bats
  A giant newt (D:6)
  2 jackal skeletons
  16 kobolds
  3 quokka skeletons
  7 rats
  A plant (Temple)
174 creatures vanquished.

Vanquished Creatures (collateral kills)
  A howler monkey (D:3)
  A gnoll (D:5)
  A rat (D:3)
3 creatures vanquished.

Vanquished Creatures (others)
  A gnoll (D:5)
  An orc (D:3)
2 creatures vanquished.

Grand Total: 179 creatures vanquished

Notes
Turn   | Place    | Note
--------------------------------------------------------------
     0 | D:1      | Kzard the Minotaur Berserker began the quest for the Orb.
     0 | D:1      | Reached XP level 1. HP: 19/19 MP: 0/0
    35 | D:1      | Reached XP level 2. HP: 16/27 MP: 1/1
   457 | D:1      | Reached skill level 4 in Fighting
   675 | D:1      | Reached ** piety under Trog
   892 | D:1      | Reached XP level 3. HP: 27/33 MP: 2/2
  1664 | D:2      | Found a blossoming altar of Fedhas.
  2028 | D:2      | Noticed Terence
  2036 | D:2      | Killed Terence
  2036 | D:2      | Reached skill level 5 in Fighting
  2036 | D:2      | Reached XP level 4. HP: 38/42 MP: 3/3
  2147 | D:2      | Noticed Ijyb
  2155 | D:2      | Killed Ijyb
  2158 | D:2      | Reached skill level 6 in Fighting
  2301 | D:2      | Reached XP level 5. HP: 50/50 MP: 4/4
  2361 | D:2      | Noticed Sigmund
  2393 | D:2      | Killed Sigmund
  2393 | D:2      | Reached skill level 7 in Fighting
  2393 | D:2      | Reached XP level 6. HP: 17/61 MP: 5/5
  3107 | D:3      | Reached skill level 8 in Fighting
  3164 | D:3      | Reached *** piety under Trog
  3947 | D:4      | Found a staircase to the Ecumenical Temple.
  3996 | Temple   | Entered the Ecumenical Temple
  4193 | D:4      | Reached skill level 9 in Fighting
  4247 | D:4      | Noticed a water elemental
  4353 | D:4      | Found a stormy altar of Qazlal.
  4358 | D:4      | Noticed a fire elemental
  4358 | D:4      | Noticed an air elemental
  4465 | D:4      | Reached XP level 7. HP: 70/70 MP: 6/6
  4825 | D:4      | Found Kayxtes's Magic Scroll Emporium.
  4834 | D:4      | Bought a scroll of enchant armour for 105 gold pieces
  4860 | D:4      | Reached skill level 10 in Fighting
  5548 | D:5      | Entered Level 5 of the Dungeon
  5548 | D:5      | Found a shattered altar of Ashenzari.
  5609 | D:5      | Reached skill level 11 in Fighting
  5615 | D:5      | Reached XP level 8. HP: 22/82 MP: 7/7
  5945 | D:5      | Noticed Shtopit's ghost (amateur CeFi)
  5958 | D:5      | Killed Shtopit's ghost
  6262 | D:5      | Found an opulent altar of Gozag.
  6392 | D:5      | Found a burning altar of Makhleb.
  6451 | D:5      | Got a spiked ring mail
  6543 | D:5      | Noticed Grinder
  6557 | D:5      | Paralysed by Grinder for 3 turns
  6560 | D:5      | Killed Grinder
  6560 | D:5      | Reached skill level 12 in Fighting
  6645 | D:5      | Reached **** piety under Trog
  7093 | D:6      | Got a pair of scorched boots
  7100 | D:6      | Identified the +0 pair of boots of Dampe {Str+2} (You found it on level 6 of the Dungeon)
  7172 | D:6      | Found a shimmering altar of Xom.
  7345 | D:6      | Reached skill level 13 in Fighting
  8128 | D:6      | Reached XP level 9. HP: 93/93 MP: 8/8
  8647 | D:7      | Reached skill level 14 in Fighting
  9499 | D:7      | Reached skill level 15 in Fighting
  9947 | D:7      | Found Vepuaff's Book Shop.
 10076 | D:7      | Got a fine leather armour
 10645 | D:7      | Reached skill level 16 in Fighting
 10668 | D:7      | Reached XP level 10. HP: 17/107 MP: 9/9
 10708 | D:7      | Slain by a spriggan

Skill      XL: |  1  2  3  4  5  6  7  8  9 |
---------------+----------------------------+-----
Axes           | 4 |  4.2
Fighting       | 4 5 6 7 9 11 13 16 | 16.1
Armour         | |  2.8
Dodging        | |  2.4

Action                   |  1- 3 |  4- 6 |  7- 9 | 10-12 || total
-------------------------+-------+-------+-------+-------++-------
Melee: Hand axe          |    52 |    35 |    98 |       ||   185
       Headbutt          |    21 |    25 |    75 |       ||   121
       Flail             |    28 |    94 |   263 |     2 ||   387
 Fire: Shortbow          |       |       |     2 |       ||     2
Throw: Stone             |     8 |     1 |     6 |       ||    15
       Tomahawk          |    12 |    30 |    12 |       ||    54
       Javelin           |       |       |    28 |       ||    28
Invok: Berserk           |     1 |     1 |     6 |     1 ||     9
       Trog's Hand       |       |       |     1 |       ||     1
Evoke: Wand              |       |     3 |     1 |       ||     4
  Use: Scroll            |     7 |     5 |     4 |       ||    16
       Potion            |       |     7 |     4 |       ||    11
 Stab: Sleeping          |     1 |       |       |       ||     1
  Eat: Chunk             |     1 |     6 |    11 |       ||    18
       Bread ration      |     1 |       |     3 |       ||     4
       Pizza             |       |     1 |       |       ||     1
       Meat ration       |       |       |     1 |       ||     1
Armor: Animal skin       |     7 |       |       |       ||     7
       Robe              |     8 |       |       |       ||     8
       Ring mail         |    10 |     1 |       |       ||    11
       Scale mail        |       |    76 |   154 |       ||   230
Dodge: Dodged            |    62 |    99 |    77 |     1 ||   239
Block: Large shield      |       |    14 |   285 |       ||   299
